 Dungeon Crawl Stone Soup version 0.26-a0-812-g31a745ddcd (webtiles) character file.

Game seed: 10329393398063139119

675 Borgoz the Skirmisher (level 7, -4/60 HPs)
             Began as a Ghoul Monk on Dec 7, 2020.
             Killed by divine providence
             ... invoked by an orc priest
              (14 damage)
             ... on level 4 of the Dungeon.
             The game lasted 00:06:30 (3327 turns).

Borgoz the Skirmisher (Ghoul Monk)                  Turns: 3327, Time: 00:06:31

Health: -4/60      AC:  9    Str: 15    XL:     7   Next: 59%
Magic:  6/6        EV: 19    Int:  5    God:
Gold:   116        SH:  0    Dex: 13    Spells: 6/6 levels left

rFire    . . .     SeeInvis .   a - +1 falchion
rCold    + . .     Faith    .   (no shield)
rNeg     + + +     Spirit   .   c - +0 scale mail
rPois    ∞         Reflect  .   i - +0 helmet
rElec    .         Harm     .   o - scarf {+Inv}
rCorr    .         Rampage  .   e - +0 pair of gloves
MR       .....                  (no boots)
Stlth    +.........             (no amulet)
HPRegen  0.00/turn              b - +4 ring of evasion
MPRegen  0.10/turn              f - +4 ring of evasion

@: no status effects
A: rotting body, claws 1, cold resistance 1, negative energy resistance 3,
inhibited regeneration, torment resistance, unbreathing
a: Evoke Invisibility


You were on level 4 of the Dungeon.
You visited 1 branch of the dungeon, and saw 4 of its levels.

You collected 146 gold pieces.
You spent 30 gold pieces at shops.

Inventory:

Hand Weapons
 a - a +1 falchion (weapon)
Armour
 c - a +0 scale mail (worn)
 e - a +0 pair of gloves (worn)
 i - a +0 helmet (worn)
 o - a scarf of invisibility (worn)
Jewellery
 b - a +4 ring of evasion (left hand)
 f - a +4 ring of evasion (right hand)
Wands
 l - a wand of enslavement (3)
Scrolls
 g - a scroll of blinking
 h - a scroll of enchant armour
Potions
 d - 2 potions of heal wounds
 j - a potion of might {unknown}
 k - 2 potions of curing


   Skills:
 + Level 4.8 Fighting
 + Level 4.6 Long Blades
 + Level 3.5 Armour
 + Level 3.9 Dodging
 + Level 3.2 Stealth
 + Level 1.4 Evocations


You had 6 spell levels left.
You didn't know any spells.
Your spell library was empty.

Dungeon Overview and Level Annotations

Branches:
Dungeon (4/15)
 Temple: D:4-7

Altars:
Elyvilon
The Shining One

Shops:
D:4 *


Innate Abilities, Weirdness & Mutations

Your body is rotting away.
You thrive by killing the living.
You are immune to poison.
You have sharp fingernails.
Your flesh is cold resistant. (rC+)
You are immune to negative energy. (rN+++)
You do not regenerate when monsters are visible.
You are immune to unholy pain and torment.
You can survive without breathing.


Message History

The orc priest casts a cantrip, but nothing happens.
You closely miss the orc.
The orc is almost dead.
The orc hits you from afar with a +0 trident.
The orc closely misses you.
You hit the orc.
You kill the orc!
The orc closely misses you. The orc hits you with a +0 trident.
Items here: ( ))))) [ ††††.
You closely miss the orc. The orc misses you.
The orc priest mumbles some strange prayers to Beogh against you.
Beogh smites you!
* * * LOW HITPOINT WARNING * * *
You hit the orc.
The orc is almost dead.
The orc barely misses you.
The orc priest mumbles some strange prayers to Beogh against you.
Beogh smites you!
You die... ....### ###.....# .#.....# ......# .ooo. hSo

#o# #@# #†# # #†###### #
# #......# #
.#.####......##. #
........###..... #
##.##.......############
###### #...#####
#........ .....# ###.#
##...###.#


You could see 2 orc priests, an adder, 3 orcs and a jackal.

Vanquished Creatures
  A necrophage (D:2)
  An ogre (D:4)
  2 scorpions (D:4)
  3 orc priests
  An iguana (D:4)
  Natasha (twice) (D:4)
  A worker ant (D:4)
  A hound skeleton (D:4)
  3 gnolls (D:3)
  4 adders
  2 oozes
  3 worms
  A dart slug (D:1)
  3 leopard geckos
  15 orcs
  8 bats
  10 giant cockroaches
  12 goblins
  13 hobgoblins
  12 jackals
  2 quokkas (D:4)
  2 frilled lizards
  9 kobolds
  3 rats
114 creatures vanquished.

Notes
Turn   | Place    | Note
-------+----------+-------------------------------------------
     0 | D:1      | Borgoz the Ghoul Monk began the quest for the Orb.
     0 | D:1      | Reached XP level 1. HP: 19/19 MP: 0/0
    40 | D:1      | Reached XP level 2. HP: 14/26 MP: 1/1
    44 | D:1      | HP: 1/26 [hobgoblin/+0 club (3)]
   460 | D:1      | Reached skill level 1 in Armour
   914 | D:1      | Reached XP level 3. HP: 31/31 MP: 2/2
  1315 | D:2      | Noticed a necrophage
  1330 | D:2      | Killed a necrophage
  1330 | D:2      | Reached XP level 4. HP: 39/40 MP: 3/3
  1330 | D:2      | Reached XP level 5. HP: 45/46 MP: 4/4
  1979 | D:3      | Found a glowing golden altar of the Shining One.
  1987 | D:3      | Reached XP level 6. HP: 38/52 MP: 5/5
  2091 | D:3      | Found a white marble altar of Elyvilon.
  2779 | D:4      | Reached XP level 7. HP: 56/60 MP: 6/6
  2837 | D:4      | Reached skill level 1 in Evocations
  3006 | D:4      | Noticed Natasha
  3007 | D:4      | Found Riasea's Retail Resort.
  3019 | D:4      | Killed Natasha
  3135 | D:4      | Bought a scroll of remove curse for 30 gold pieces
  3249 | D:4      | Noticed Natasha
  3258 | D:4      | Killed Natasha
  3327 | D:4      | Killed from afar by an orc priest

Illustrated notes

Levels and vault maps discovered:
D:1:      scummos_arrival_checkerplants, layout_basic
D:2:      layout_basic, minmay_pentomino_o4
D:3:      layout_rooms, elyvilon_altar_1, tso_metal_star
D:4:      layout_loops_cross, nicolae_alphabet_shops, uniq_natasha

Skill      XL: |  1  2  3  4  5  6  7 |
---------------+----------------------+-----
Long Blades    | 3 4 |  4.6
Armour         | 1 2 3 |  3.5
Dodging        | 3 |  3.9
Fighting       | 4 |  4.8
Evocations     | 1 |  1.4
Stealth        | 3 |  3.2

Action                   |  1- 3 |  4- 6 |  7- 9 || total
-------------------------+-------+-------+-------++-------
Melee: Falchion          |   145 |   189 |   114 ||   448
Evoke: Wand              |       |     1 |       ||     1
  Use: Scroll            |     2 |     6 |     7 ||    15
Armor: Robe              |     9 |       |       ||     9
       Scale mail        |    40 |       |     8 ||    48
       Ring mail         |     5 |    40 |    11 ||    56
Dodge: Dodged            |   109 |   258 |   120 ||   487
       Rpst.: Falchion   |    22 |    72 |    35 ||   129

Table legend: (Time is in decaauts)
 A = Elapsed time spent in this place.
 B = Non-inter-level travel time spent in this place.
 C = Inter-level travel time spent in this place.
 D = Time resting spent in this place.
 E = Time spent auto-exploring this place.
 F = Levels seen in this place.
 G = Mean time per level.
                   A        B        C        D        E       F      G
               +--------+--------+--------+--------+--------+-----+--------+
         Total |   3376 |   3273 |    103 |    815 |   1579 |   4 |  844.0 |
       Dungeon |   3376 |   3273 |    103 |    815 |   1579 |   4 |  844.0 |
               +--------+--------+--------+--------+--------+-----+--------+

Top non-repeatable levels by time:
     D:1: 1204 daAuts
     D:3: 775 daAuts
     D:4: 762 daAuts
     D:2: 633 daAuts
